 Dungeon Crawl Stone Soup version 0.19.5 (webtiles) character file.

156 Kosschaser the Sneak (level 5, 0/31 HPs)
             Began as a Kobold Assassin on Mar 18, 2017.
             Succumbed to an adder's poison
             ... on level 3 of the Dungeon.
             The game lasted 00:06:30 (2523 turns).

Kosschaser the Sneak (Kobold Assassin)              Turns: 2523, Time: 00:06:30

Health: 0/31       AC:  4    Str:  8    XL:     5   Next: 64%
Magic:  4/4        EV: 16    Int: 12    God:
Gold:   73         SH:  0    Dex: 18    Spells: 0 memorised, 4 levels left

rFire  . . .     SeeInvis .     a - +2 dagger
rCold  . . .     Gourm    .     c - +0 robe
rNeg   . . .     Faith    .     (shield restricted)
rPois  +         Spirit   .     i - +0 helmet
rElec  .         Reflect  .     d - +0 cloak
rCorr  .         Harm     .     (no gloves)
MR     .....                    (no boots)
Stlth  ++++......               (no amulet)
                                (no ring)
                                h - ring of poison resistance

@: lethally poisoned (0 -> -7)
A: blurry vision 1, carnivore 3, low mp 1, MP-powered wands
a: no special abilities


You were on level 3 of the Dungeon.
You were very full.

You visited 1 branch of the dungeon, and saw 3 of its levels.

You collected 73 gold pieces.

Inventory:

Hand Weapons
 a - a +2 dagger (weapon)
 b - a +0 blowgun
Missiles
 e - 8 poisoned needles
 f - 2 curare-tipped needles
Armour
 c - a +0 robe (worn)
 d - a +0 cloak (worn)
 i - a +0 helmet (worn)
Jewellery
 h - a ring of poison resistance (left hand)
Wands
 m - a wand of acid (7/15)
Scrolls
 k - a scroll of fear
 l - a scroll of teleportation
 n - a scroll of remove curse
Comestibles
 g - 2 meat rations
 j - a beef jerky


   Skills:
 + Level 2.7 Fighting
 + Level 4.3 Short Blades
 + Level 2.4 Throwing
 + Level 3.0 Dodging
 + Level 6.8 Stealth


You had 4 spell levels left.
You didn't know any spells.

Dungeon Overview and Level Annotations

Branches:
Dungeon (3/15)

Altars:
Kikubaaqudgha
Qazlal
Sif Muna
Xom
Zin


Innate Abilities, Weirdness & Mutations

You are small and have problems with some larger weapons.
You are carnivorous and can eat meat at any time.
Scrolls take you a little longer to read.
Your magical capacity is low. (-10% MP)
You expend magic power (3 MP) to strengthen your wands.


Message History

The jackal closely misses you.
You closely miss the adder.
The adder is almost dead.
The jackal closely misses you. The adder barely misses you.
The jackal misses you.
You closely miss the adder.
The adder is almost dead.
You feel sick. The jackal bites you.
* * * LOW HITPOINT WARNING * * *
The adder bites you.
* * * LOW HITPOINT WARNING * * *
You are more poisoned.
The adder poisons you! The jackal bites you.
* * * LOW HITPOINT WARNING * * *
You hit the adder.
You kill the adder!
The jackal closely misses you. The jackal misses you.
The jackal closely misses you.
You barely miss the jackal.
You die...

........................
........................
...............#######..
...........##### #..
...........######## #..
..........÷.†...... #..
................... #..
................... #..
..#####@†.......... #..
#hh.......... #..
........##############..
........##......)...####
........##..........#..>
..########..........#.##
. #..........'.##
#..........#...
#......%...#.##


You could see 2 jackals.

Vanquished Creatures
  9 adders
  An ooze (D:1)
  2 worms (D:2)
  5 dart slugs
  A leopard gecko (D:2)
  An orc (D:3)
  4 goblins
  4 hobgoblins
  9 jackals
  3 kobolds
  7 bats
  5 frilled lizards
  8 rats
59 creatures vanquished.

Notes
Turn   | Place    | Note
-------+----------+-------------------------------------------
     0 | D:1      | Kosschaser the Kobold Assassin began the quest for the Orb.
     0 | D:1      | Reached XP level 1. HP: 12/12 MP: 1/1
   152 | D:1      | Reached XP level 2. HP: 18/18 MP: 2/2
   208 | D:1      | Found a shimmering altar of Xom.
   210 | D:1      | Found a deep blue altar of Sif Muna.
   210 | D:1      | Found a stormy altar of Qazlal.
   212 | D:1      | Found a shimmering altar of Xom.
   212 | D:1      | Found a glowing silver altar of Zin.
   212 | D:1      | Found an ancient bone altar of Kikubaaqudgha.
   396 | D:1      | Reached skill level 6 in Stealth
   396 | D:1      | Reached XP level 3. HP: 19/22 MP: 3/3
  1170 | D:2      | Reached XP level 4. HP: 15/27 MP: 4/4
  1333 | D:2      | Gained mutation: Scrolls take you a little longer to read. [potion of mutation]
  1333 | D:2      | Gained mutation: You expend magic power (3 MP) to strengthen your wands. [potion of mutation]
  1333 | D:2      | Gained mutation: Your magical capacity is low. (-10% MP) [potion of mutation]
  1366 | D:2      | HP: 2/40 [poisoned by an adder]
  1974 | D:2      | Reached XP level 5. HP: 31/31 MP: 4/4
  2521 | D:3      | HP: 1/31 [jackal (1)]
  2523 | D:3      | Succumbed to an adder's poison

Skill      XL: |  1  2  3  4  5 |
---------------+----------------+-----
Stealth        | 6 |  6.8
Short Blades   | 3 4 |  4.3
Dodging        | 2 3 |  3.0
Fighting       | |  2.7
Throwing       | |  2.4

Action                   |  1- 3 |  4- 6 || total
-------------------------+-------+-------++-------
Melee: Dagger            |   101 |   124 ||   225
  Use: Scroll            |     3 |     1 ||     4
       Potion            |       |     3 ||     3
 Stab: Sleeping          |    10 |     9 ||    19
       Distracted        |     2 |       ||     2
  Eat: Chunk             |     6 |     6 ||    12
Armor: Robe              |    23 |    24 ||    47
Dodge: Dodged            |    94 |   114 ||   208
